 Dungeon Crawl Stone Soup version 0.30-a0-1163-gf69bf04e7a (webtiles) character file.

Game seed: 9188808428045977378

107 garrulousMonolith the Digger (level 4, -3/26 HPs)
             Began as a Gargoyle Earth Elementalist on Apr 28, 2023.
             Slain by an iguana (12 damage)
             ... on level 4 of the Dungeon.
             The game lasted 00:03:33 (2632 turns).

garrulousMonolith the Digger (GrEE)                 Turns: 2632, Time: 00:03:34

Health: -3/26      AC:  6    Str: 11    XL:     4   Next: 85%
Magic:  3/7        EV: 11    Int: 18    God:
Gold:   88         SH:  0    Dex: 16    Spells: 2/8 levels left

rFire   . . .        e - staff of conjuration
rCold   . . .        (no shield)
rNeg    + . .        c - +0 leather armour
rPois   ∞            (no helmet)
rElec   +            (no cloak)
rCorr   .            (no gloves)
SInv    .            (no boots)
Will    .....        (no amulet)
Stlth   ++           s - +6 ring of dexterity
HPRegen 0.24/turn    (no ring)
MPRegen 0.10/turn

%: no passive effects
@: no status effects
A: sickness immunity, AC +3, negative energy resistance 1, electricity
resistance, torment resistance 1, petrification resistance
a: no special abilities


You were on level 4 of the Dungeon.
You visited 1 branch of the dungeon, and saw 4 of its levels.

You collected 88 gold pieces.

Inventory:

Hand Weapons
 a - a +0 dagger
 g - a +0 whip
Missiles
 d - 9 boomerangs
Armour
 c - a +0 leather armour (worn)
 h - a +0 chain mail of fire resistance
Magical Staves
 e - a staff of conjuration (weapon)
 r - a staff of cold
Jewellery
 m - an amulet of guardian spirit
 s - a +6 ring of dexterity (left hand)
Wands
 q - a wand of charming (3)
Scrolls
 i - 2 scrolls of fog {unknown}
 j - 3 scrolls of vulnerability {unknown}
 n - 2 scrolls of noise {unknown}
 o - 2 scrolls of identify
 u - a scroll of brand weapon {unknown}
Potions
 b - a potion of magic
 f - 2 potions of flight
 k - a potion of haste
 l - 3 potions of curing {unknown}
 p - a potion of heal wounds {unknown}
 t - a potion of brilliance {unknown}


   Skills:
 + Level 1.7 Fighting
 + Level 1.5 Armour
 - Level 1.5 Dodging
 - Level 2.1 Stealth
 + Level 2.5 Spellcasting
 * Level 1.4 Conjurations
 - Level 1.0 Transmutations
 * Level 4.7 Earth Magic


You had 2 spell levels left.
You knew the following spells:

 Your Spells              Type           Power      Damage    Failure   Level
a - Sandblast             Erth           38%        2d10      3%          1
b - Stone Arrow           Conj/Erth      40%        3d9       19%         3
c - Passwall              Tmut/Erth      10%        N/A       11%         2

Your spell library contained the following spells:

 Spells                   Type           Power      Damage    Failure   Level
 Petrify                  Tmut/Erth      12%        N/A       56%         4


Dungeon Overview and Level Annotations

Branches:
Dungeon (4/15)
 Temple: D:4-7

Altars:
The Shining One

Annotations:
D:3 3 runed translucent doors, hattop's ghost, amateur HOTm
D:4 1 runed translucent door, superbruh's ghost, weakling DsFi


Innate Abilities, Weirdness & Mutations

You are immune to sickness and miasma.
Your stone body is resilient. (AC +3)
You are immune to poison.
You resist negative energy. (rN+)
You are resistant to electric shocks. (rElec)
You are resistant to unholy torment.
You are immune to petrification.


Message History

There is an open door here.
You open the door.
There is an open door here.
An iguana comes into view.
The iguana hisses angrily.
An iguana is nearby!
Casting: Sandblast (safe; 3% risk of failure)
Confirm with . or Enter, or press ? or * to list all spells.
You can't see any susceptible monsters within range! (Use Z to cast anyway.)
A hound comes into view.
Casting: Sandblast (safe; 3% risk of failure)
Confirm with . or Enter, or press ? or * to list all spells.
Aiming: Sandblast (safe; 3% risk of failure)
Press: ? - help, Shift-Dir - straight line, f - iguana
Aim: an iguana (84% to hit)
The blast of sand hits the iguana.
The iguana is moderately wounded.
Casting: Sandblast (safe; 3% risk of failure)
Confirm with . or Enter, or press ? or * to list all spells.
Aiming: Sandblast (safe; 3% risk of failure)
Press: ? - help, Shift-Dir - straight line, f/p - iguana
Aim: an iguana (moderately wounded, 84% to hit)
The blast of sand hits the iguana but does no damage.
The iguana is moderately wounded.
The iguana bites you! The iguana closely misses you.
Casting: Sandblast (safe; 3% risk of failure)
Confirm with . or Enter, or press ? or * to list all spells.
Aiming: Sandblast (safe; 3% risk of failure)
Press: ? - help, Shift-Dir - straight line, f/p - iguana
Aim: an iguana (moderately wounded, 84% to hit)
The blast of sand misses the iguana.
The iguana bites you.
Casting: Sandblast (safe; 3% risk of failure)
Confirm with . or Enter, or press ? or * to list all spells.
Aiming: Sandblast (safe; 3% risk of failure)
Press: ? - help, Shift-Dir - straight line, f/p - iguana
Aim: an iguana (moderately wounded, 84% to hit)
The blast of sand hits the iguana but does no damage.
The iguana is moderately wounded.
The iguana bites you. The iguana bites you!
You die...

..# ### # ###### .....#
.....# .....# ######
#####
.....#######....##......
.....'.....'....@lh.....
.....#######....##......
###### #....# ##### ....
###### ## .# ..# ....
#...


You could see an iguana and a hound.

Vanquished Creatures
  An orc wizard (D:3)
  2 adders
  An ufetubus (D:4)
  A dart slug (D:2)
  2 orcs (D:3)
  6 bats
  2 endoplasms (D:1)
  4 giant cockroaches
  5 goblins
  8 hobgoblins
  4 jackals (D:2)
  2 quokkas
  5 ball pythons
  3 frilled lizards
  6 rats
52 creatures vanquished.

Notes
Turn   | Place    | Note
-------+----------+-------------------------------------------
     0 | D:1      | garrulousMonolith the Gargoyle Earth Elementalist began the
                  | quest for the Orb.
     0 | D:1      | Reached XP level 1. HP: 10/10 MP: 3/3
   213 | D:1      | Reached XP level 2. HP: 16/16 MP: 3/5
   214 | D:1      | Reached skill level 1 in Transmutations
   344 | D:1      | Reached skill level 4 in Earth Magic
   981 | D:2      | Reached skill level 1 in Fighting
   981 | D:2      | Reached skill level 1 in Armour
   981 | D:2      | Reached XP level 3. HP: 20/20 MP: 3/6
   985 | D:2      | Learned a level 3 spell: Stone Arrow
   988 | D:2      | Learned a level 2 spell: Passwall
  1392 | D:2      | Found a faded altar of an unknown god.
  1811 | D:3      | Reached XP level 4. HP: 25/25 MP: 5/7
  1842 | D:3      | Reached skill level 1 in Conjurations
  1852 | D:3      | Found a runed translucent gate.
  1861 | D:3      | Found a runed translucent gate.
  1861 | D:3      | Found a runed translucent gate.
  1862 | D:3      | Noticed hattop's ghost (amateur HOTm)
  2514 | D:4      | Noticed superbruh's ghost (weakling DsFi)
  2515 | D:4      | Found a runed translucent door.
  2577 | D:4      | Found a glowing golden altar of the Shining One.
  2632 | D:4      | Slain by an iguana

Illustrated notes

Levels and vault maps discovered:
D:1:      spicycebolla_arrival_clurvy, layout_loops_cross, fountainhead
D:2:      layout_loops_ring, dreamdust_ecumenical_altar_statues
D:3:      layout_rooms, ebering_ghost_rock_garden
D:4:      layout_basic, kennysheep_mini, hellmonk_ghost_happy_afterlife,
          uniq_natasha, uniq_duvessa

Skill      XL: |  1  2  3  4 |
---------------+-------------+-----
Transmutations | 1 |  1.0
Earth Magic    | 4 |  4.7
Fighting       | 1 |  1.7
Armour         | 1 |  1.5
Conjurations   | 1 |  1.4
Dodging        | |  1.5
Stealth        | |  2.1
Spellcasting   | |  2.5

Action                     |  1- 3 |  4- 6 || total
---------------------------+-------+-------++-------
  Melee: Staff             |    11 |    12 ||    23
   Cast: Sandblast         |    61 |    14 ||    75
    Use: Scroll            |     2 |       ||     2
         Potion            |       |     2 ||     2
 Armour: Leather armour    |    12 |     6 ||    18
  Dodge: Dodged            |    24 |    13 ||    37

Table legend: (Time is in decaauts)
 A = Elapsed time spent in this place.
 B = Non-inter-level travel time spent in this place.
 C = Inter-level travel time spent in this place.
 D = Time resting spent in this place.
 E = Time spent auto-exploring this place.
 F = Levels seen in this place.
 G = Mean time per level.
                   A        B        C        D        E       F      G
               +--------+--------+--------+--------+--------+-----+--------+
         Total |   2663 |   2541 |    122 |    219 |   1947 |   4 |  665.8 |
       Dungeon |   2663 |   2541 |    122 |    219 |   1947 |   4 |  665.8 |
               +--------+--------+--------+--------+--------+-----+--------+

Top non-repeatable levels by time:
     D:2: 919 daAuts
     D:1: 859 daAuts
     D:3: 694 daAuts
     D:4: 190 daAuts
